 Dungeon Crawl Stone Soup version 0.28-a0-804-g60983d4ba9 (webtiles) character file.

Game seed: 12358681115788482936

76 lawman0 the Grasshopper (level 4, 0/35 HPs)
             Began as a Barachi Warper on Nov 7, 2021.
             Was a Follower of Sif Muna.
             Slain by an orc (1 damage)
             ... on level 3 of the Dungeon.
             The game lasted 00:02:51 (2408 turns).

lawman0 the Grasshopper (Barachi Warper)            Turns: 2408, Time: 00:02:53

Health: 0/35       AC:  7    Str: 13    XL:     4   Next: 32%
Magic:  7/7        EV: 12    Int: 14    God:    Sif Muna [*.....]
Gold:   47         SH:  0    Dex: 11    Spells: 7/7 levels left

rFire   . . .      SeeInvis .   a - +0 falchion
rCold   . . .      Faith    .   (no shield)
rNeg    . . .      Spirit   .   g - +0 leather armour
rPois   .          Reflect  .   j - +2 helmet
rElec   .          Harm     .   (no cloak)
rCorr   .          Rampage  .   h - +0 pair of gloves
Will    .....                   (no boots)
Stlth   +.........              (no amulet)
HPRegen 0.11/turn               (no ring)
MPRegen 0.10/turn               (no ring)

@: lethally poisoned (0 -> -9), slow
A: amphibious, slowness 1, strong legs 1, +LOS
a: Hop, Renounce Religion, Channel Magic


You were on level 3 of the Dungeon.
You worshipped Sif Muna.
Sif Muna was aware of your devotion.
You visited 1 branch of the dungeon, and saw 3 of its levels.

You collected 47 gold pieces.

Inventory:

Hand Weapons
 a - a +0 falchion (weapon)
 b - a +0 hunting sling
Missiles
 d - 5 boomerangs of dispersal (quivered)
 i - 52 sling bullets
Armour
 g - a +0 leather armour (worn)
 h - a +0 pair of gloves (worn)
 j - a +2 helmet (worn)
Scrolls
 c - 2 scrolls of blinking
 e - a scroll of fog


   Skills:
 + Level 3.1 Fighting
 * Level 3.3 Long Blades
 + Level 1.0 Throwing
 + Level 2.0 Armour
 + Level 2.4 Dodging
 + Level 2.3 Spellcasting
 * Level 4.1 Translocations


You had 7 spell levels left.
You didn't know any spells.
Your spell library contained the following spells:

 Spells                   Type           Power      Damage    Failure   Level
 Blink                    Tloc           26%        N/A       8%          2
 Gell's Gravitas          Tloc           13%        N/A       16%         3
 Lesser Beckoning         Tloc           13%        N/A       16%         3
 Teleport Other           Tloc           13%        N/A       16%         3
 Manifold Assault         Tloc           13%        N/A       82%         5


Dungeon Overview and Level Annotations

Branches:
Dungeon (3/15)

Altars:
Nemelex Xobeh
Sif Muna


Innate Abilities, Weirdness & Mutations

You are amphibious.
You cover ground slowly.
You can hop short distances.
You have an extended range of vision and can be seen from far away.


Message History

The orc is severely wounded.
The orc hits you with a +1 dagger of venom.
You are poisoned.
Unknown command.
You hit the orc.
The orc is almost dead.
You feel very sick.
The orc hits you with a +1 dagger of venom.
You are more poisoned.
The orc hits you but does no damage.
You are lethally poisoned!
You barely miss the orc.
The orc is almost dead.
You feel extremely sick. The orc barely misses you.
You closely miss the orc.
The orc is almost dead.
You feel very sick.
The orc hits you with a +1 dagger of venom.
* * * LOW HITPOINT WARNING * * *
You slash the orc!
You kill the orc!
Sif Muna accepts your kill.
* * * LOW HITPOINT WARNING * * *
You feel very sick.
You are too injured to fight recklessly!
Unknown command.
It was a potion of might.
You feel very mighty all of a sudden.
* * * LOW HITPOINT WARNING * * *
You feel very sick. The orc hits you but does no damage.
It was a potion of cancellation.
Your magical effects are unravelling.
You feel magically purged.
You feel a little less mighty now.
* * * LOW HITPOINT WARNING * * *
You feel very sick. The orc hits you with a +0 club.
You die...

#####################
........<.@oo(((.(...
###############....S.
.... ..


You could see 2 orcs.

Vanquished Creatures
  2 adders (D:2)
  An ufetubus (D:3)
  2 worms (D:2)
  5 orcs
  2 ball pythons (D:1)
  4 bats
  3 endoplasms
  4 giant cockroaches
  7 goblins
  2 hobgoblins
  4 frilled lizards (D:1)
  3 kobolds
  A rat (D:2)
40 creatures vanquished.

Notes
Turn   | Place    | Note
-------+----------+-------------------------------------------
     0 | D:1      | lawman0 the Barachi Warper began the quest for the Orb.
     0 | D:1      | Reached XP level 1. HP: 17/17 MP: 3/3
   246 | D:1      | Reached XP level 2. HP: 21/23 MP: 5/5
   729 | D:2      | Reached skill level 4 in Translocations
   730 | D:2      | Reached XP level 3. HP: 20/28 MP: 6/6
  1022 | D:2      | Found a faded altar of an unknown god.
  1038 | D:2      | Prayed at the altar of an unknown god.
  1038 | D:2      | Became a worshipper of Sif Muna the Loreminder
  1038 | D:2      | Reached * piety under Sif Muna
  1039 | D:2      | ok sif
  1087 | D:2      | su
  1545 | D:2      | Found a sparkling altar of Nemelex Xobeh.
  1888 | D:2      | Reached XP level 4. HP: 8/34 MP: 7/7
  2408 | D:3      | HP: 1/35 [poisoned by an orc]
  2408 | D:3      | Slain by an orc

Illustrated notes ........##...# .......###.### ..........[### .............## ........##.#..## ........##.....####### ........####.........# .......## ##........# ......## #...@....# ### ##.......# #.......# #.......# #.......# ######### Turn 1039 on D:2: ok sif

#. ..... ##.....## #..
...#... #........ .#..
...#...##.#...... .....
................. .....
.................
...###.###............
...#.#..............
#.#.###............
#.@...#...#........
.[..###.#.#..##.....#..
#..................#####
##...###.#.#.###...# ...
#.....#.# #..## .
#.#.###.#..)## ...#.#
..#.#.# ### #.# #.#
#.....# #.. ... ...
..##### #..


Turn 1087 on D:2: su

Levels and vault maps discovered:
D:1:      minmay_arrival_nine_rooms, layout_rooms, chequers_serial_rivers_room_a
D:2:      layout_rooms, basic_altar, basic_ecumenical_altar,
          minmay_misc_feat_roman, minmay_goblin_kobold_house
D:3:      layout_rooms

Skill      XL: |  1  2  3  4 |
---------------+-------------+-----
Translocations | 4 |  4.1
Long Blades    | 3 |  3.3
Armour         | 2 |  2.0
Fighting       | 3 |  3.1
Throwing       | |  1.0
Dodging        | |  2.4
Spellcasting   | |  2.3

Action                   |  1- 3 |  4- 6 || total
-------------------------+-------+-------++-------
Melee: Falchion          |   119 |    37 ||   156
 Fire: Hunting sling     |    31 |     9 ||    40
  Use: Scroll            |     2 |       ||     2
       Potion            |       |     3 ||     3
Armor: Leather armour    |    75 |    17 ||    92
Dodge: Dodged            |    88 |    30 ||   118

Table legend: (Time is in decaauts)
 A = Elapsed time spent in this place.
 B = Non-inter-level travel time spent in this place.
 C = Inter-level travel time spent in this place.
 D = Time resting spent in this place.
 E = Time spent auto-exploring this place.
 F = Levels seen in this place.
 G = Mean time per level.
                   A        B        C        D        E       F      G
               +--------+--------+--------+--------+--------+-----+--------+
         Total |   2619 |   2396 |    223 |    809 |   1105 |   3 |  873.0 |
       Dungeon |   2619 |   2396 |    223 |    809 |   1105 |   3 |  873.0 |
               +--------+--------+--------+--------+--------+-----+--------+

Top non-repeatable levels by time:
     D:2: 1470 daAuts
     D:1: 1060 daAuts
     D:3: 89 daAuts
